 Dungeon Crawl Stone Soup version 0.30-a0-528-g8c47a4955b (webtiles) character file.

Game seed: 14068920644432741099

346 kae the Changer (level 6, -7/43 HPs)
             Began as a Demonspawn Transmuter on Dec 23, 2022.
             Constricted to death by Grinder (8 damage)
             ... on level 3 of the Dungeon.
             The game lasted 00:04:28 (3652 turns).

kae the Changer (Demonspawn Transmuter)             Turns: 3652, Time: 00:04:28

Health: -7/43      AC:  2    Str: 10    XL:     6   Next: 32%
Magic:  8/10       EV: 16    Int: 17    God:
Gold:   170        SH:  0    Dex: 18    Spells: 5/11 levels left

rFire   . . .      SeeInvis .      - Unarmed
rCold   + . .      Faith    .    (shield currently unavailable)
rNeg    . . .      Spirit   .    (body armour currently unavailable)
rPois   x          Reflect  .    (helmet currently unavailable)
rElec   .          Harm     .    (cloak currently unavailable)
rCorr   .          Rampage  .    (gloves currently unavailable)
Will    .....                    (boots currently unavailable)
Stlth   ++                       (no amulet)
HPRegen 0.27/turn                C - ring of protection from cold
MPRegen 0.12/turn                (no ring)

@: spider-form, grasped by roots, constricted
A: venomous fangs, tiny, demonic guardian 3, (weakness stinger 1)
a: End Transformation


You were on level 3 of the Dungeon.
You were a venomous arachnid creature.
You visited 1 branch of the dungeon, and saw 3 of its levels.

You collected 170 gold pieces.


Innate Abilities, Weirdness & Mutations

You are a venomous arachnid creature.
You have poisonous fangs.
You are tiny and dextrous.
Your spellcasting is less reliable in this form.
Your armour is entirely melded.
You are incapable of wielding weapons or throwing items.
A powerful demonic guardian rushes to your aid.
((You have a small tail.))


   Skills:
 - Level 1.0 Fighting
 - Level 1.7 Dodging
 + Level 3.6 Unarmed Combat
 + Level 3.2 Spellcasting
 * Level 4.0 Transmutations
 * Level 2.9 Poison Magic


You had 5 spell levels left.
You knew the following spells:

 Your Spells              Type           Power      Damage    Failure   Level
a - Beastly Appendage     Tmut           32%        N/A       11%         1
b - Wereblood             Tmut           16%        N/A       14%         2
c - Spider Form           Tmut/Pois      14%        N/A       28%         3

Your spell library contained the following spells:

 Spells                   Type           Power      Damage    Failure   Level
 Sting                    Tmut/Pois      56%        1d5       13%         1
 Poisonous Vapours        Pois/Air       14%        N/A       32%         2
 Freeze                   Ice            8%         1d3       36%         1
 Ignite Poison            Fire/Tmut/Pois 10%        N/A       41%         3
 Frozen Ramparts          Ice            4%         1d1       67%         3
 Hailstorm                Conj/Ice       2%         3d3       67%         3
 Kindle Blastsparks       Fire/Tloc/Air  4%         2d10      67%         3
 Olgreb's Toxic Radiance  Pois           12%        N/A       67%         4
 Ice Form                 Ice/Tmut       9%         N/A       78%         4
 Fireball                 Conj/Fire      1%         3d3       100%        5

Inventory:

Hand Weapons
 o - a +2 short sword of flaming
   (You found it on level 2 of the Dungeon)
Missiles
 c - 23 stones
 h - 5 boomerangs
 k - 5 atropa-tipped darts
Armour
 a - a +1 robe (melded)
Magical Staves
 g - a staff of death {!a}
   (You found it on level 3 of the Dungeon)
Jewellery
 C - a ring of protection from cold (left front leg)
   (You found it on level 1 of the Dungeon)
Wands
 t - a wand of flame (5)
   (You found it on level 2 of the Dungeon)
Potions
 b - 2 potions of lignification {!q}
 f - a potion of curing {unknown}
 i - 2 potions of magic
 l - a potion of haste {@q3}
 m - a potion of might {unknown}
 q - a potion of degeneration {unknown}
 s - a potion of invisibility

Dungeon Overview and Level Annotations

Branches:
Dungeon (3/15) Zot: 14220

Altars:

Shops:
D:1 :

Annotations:
D:3 Grinder

.........###.........# .
....................#.#.
........###........#....
..........#..#.#.###....
........................
...............#.###....
#..............#........
#.....†........##)......
#......s.......##.......
#.....35..#######.......
........r..# ##......
...........# .#......
...........# ...........
...........# ...........
...........##...........
...........##.........).
#...........


You could see Grinder (very poisoned, ally target), a friendly soul eater
(summoned) and a friendly rat (summoned).


Message History

The bat hits you but does no damage.
Casting: Spider Form (dangerous; 12% risk of failure)
Confirm with . or Enter, or press ? or * to list all spells.
You turn into a venomous arachnid creature.
Your +1 robe melds into your body.
The bat hits you but does no damage.
The bat hits your endoplasm but does no damage.
The bat hits your endoplasm. 😎 MP[-3]
You lost 3 mp, and now have 7/10 mp.
The bat misses you.
Your endoplasm freezes the bat.
The bat is frozen.
You hit the bat.
You kill the bat!
No target in view!
No target in view!
No target in view!
No target in view! 😎 MP[+1]
A kobold comes into view. It is wielding a +0 short sword.
Your transformation is almost over.
The kobold hits you with a +0 short sword.
You hit the kobold but do no damage.
The kobold is poisoned.
Your endoplasm freezes the kobold.
The kobold is frozen.
The kobold dies! 😕 HP[-3]
You take 3 damage, and now have 40/43 hp.
No target in view!
No target in view!
No target in view!
No target in view!
c - 23 stones (gained 1)
You now have 170 gold pieces (gained 15).
Things that are here:
a +0 short sword; a +0 ring mail; a kobold corpse A rat comes into view. 😕 HP[+1] MP[+1]
Your transformation has ended.
Your +1 robe unmelds from your body.
You hit the rat.
You kill the rat!
No target in view! 😕 HP[+1] No target in view!
No target in view! 😎 HP[+1]
Your hp is fully restored (43). 😎 MP[+1]
Your mp is fully restored (10).
Casting: Spider Form (dangerous; 12% risk of failure)
Confirm with . or Enter, or press ? or * to list all spells.
You turn into a venomous arachnid creature.
Your +1 robe melds into your body.
Your endoplasm dissolves into shadows!
Grinder misses your rat. 😎 MP[-3]
You lost 3 mp, and now have 7/10 mp.
Your rat bites Grinder but does no damage.
The frilled lizard misses you.
You bite the frilled lizard!
You kill the frilled lizard!
Your rat bites Grinder.
Your rat bites Grinder.
Your goblin hits Grinder but does no damage.
Grinder gestures at you. Pain shoots through your body!
You hit Grinder but do no damage.
Your goblin dissolves into shadows!
Your rat bites Grinder but does no damage.
Grinder hits you!
You writhe in agony.
A demonic guardian appears! 😮 HP[-12]
You take 12 damage, and now have 31/43 hp.
MASSIVE DAMAGE!! (PAUSE)
You hit Grinder.
Grinder is poisoned.
Your rat closely misses Grinder.
Grinder zaps a wand.
The roots erupt in riotous growth!
The grasping roots grab you!
Grinder is unaffected.
The grasping roots constrict you!
You hear a shout!
Unknown command. 😮 HP[-7]
You take 7 damage, and now have 24/43 hp.
You hit Grinder but do no damage.
Your rat barely misses Grinder.
Grinder gestures at you. Pain shoots through your body!
* * * LOW HITPOINT WARNING * * *
The grasping roots constrict you!
* * * LOW HITPOINT WARNING * * *
😱 HP[-18]
You take 18 damage, and now have 6/43 hp.
MASSIVE DAMAGE!! (PAUSE)
You hit Grinder.
Your soul eater barely misses Grinder.
Your rat bites Grinder but does no damage.
Grinder hits you.
* * * LOW HITPOINT WARNING * * *
You writhe in agony.
* * * LOW HITPOINT WARNING * * *
The grasping roots constrict you!
You die...

Skill      XL: |  1  2  3  4  5  6 |
---------------+-------------------+-----
Transmutations | 2 3 4 |  4.0
Unarmed Combat | 3 |  3.6
Spellcasting   | 3 |  3.2
Poison Magic   | 2 |  2.9
Fighting       | |  1.0
Dodging        | |  1.7

Action                   |  1- 3 |  4- 6 || total
-------------------------+-------+-------++-------
Melee: Unarmed           |    89 |    95 ||   184
       Headbutt          |    11 |       ||    11
       Kick              |     9 |       ||     9
       Punch             |     1 |     1 ||     2
       Tailslap          |       |     3 ||     3
 Cast: Beastly Appendage |    16 |       ||    16
       Wereblood         |     1 |       ||     1
       Spider Form       |     4 |    14 ||    18
  Use: Scroll            |       |    11 ||    11
 Stab: Sleeping          |     2 |     1 ||     3
Armor: Robe              |    26 |     6 ||    32
       Skin              |       |     2 ||     2
Dodge: Dodged            |    76 |    71 ||   147

Levels and vault maps discovered:
D:1:      erik_arrival_orb_chamber, layout_basic, serial_shops,
          nicolae_shop_stone
D:2:      layout_rooms, serial_rivers, chequers_serial_rivers_micro_c,
          chequers_serial_rivers_large_b, chequers_serial_rivers_micro_b,
          chequers_serial_rivers_large_a, chequers_serial_rivers_micro_a,
          chequers_serial_rivers_micro_e, corexii_item_surrounded_by_moat,
          minmay_lizard_pond, uniq_sigmund
D:3:      layout_basic, lightli_temple_of_fire, grunt_dithmenos_smoke,
          serial_bayou_lake_a, uniq_terence, uniq_grinder, uniq_natasha

Notes
Turn   | Place    | Note
-------+----------+-------------------------------------------
     0 | D:1      | kae the Demonspawn Transmuter began the quest for the Orb.
     0 | D:1      | Reached XP level 1. HP: 15/15 MP: 3/3
     0 | D:1      | magus.rc [v1.11.3]
    74 | D:1      | Reached skill level 2 in Transmutations
   125 | D:1      | Gained mutation: A weak demonic guardian rushes to your
                  | aid. [demonic ancestry]
   125 | D:1      | Reached XP level 2. HP: 20/21 MP: 5/5
   274 | D:1      | You add the spells Freeze, Kindle Blastsparks, Ignite
                  | Poison and Fireball to your library.
   274 | D:1      | Got the Exposition on Conflagration and the Glacier
   376 | D:1      | Found Kadgh's Book Shop.
   553 | D:1      | You add the spells Sting, Poisonous Vapours and Olgreb's
                  | Toxic Radiance to your library.
  1320 | D:1      | Learned a level 2 spell: Wereblood
  1386 | D:2      | Reached skill level 3 in Unarmed Combat
  1438 | D:2      | Reached XP level 3. HP: 15/26 MP: 4/6
  1699 | D:2      | Noticed Sigmund
  1710 | D:1      | Learned a level 3 spell: Spider Form
  1912 | D:2      | Killed Sigmund
  1913 | D:2      | Reached skill level 3 in Spellcasting
  1913 | D:2      | Reached skill level 3 in Transmutations
  1913 | D:2      | Reached skill level 2 in Poison Magic
  1913 | D:2      | Gained mutation: A demonic guardian rushes to your aid.
                  | [demonic ancestry]
  1913 | D:2      | Reached XP level 4. HP: 31/32 MP: 4/8
  1913 | D:2      | You feel monstrous as your demonic heritage exerts itself.
  1913 | D:2      | Discovered your monstrous ancestry.
  1913 | D:2      | Gained mutation: You have a small tail. [demonic ancestry]
  1913 | D:2      | Reached XP level 5. HP: 36/37 MP: 4/9
  2446 | D:3      | Noticed Grinder
  2461 | D:3      | Noticed Terence
  2461 | D:3      | Noticed Natasha
  2484 | D:2      | Killed Natasha
  2532 | D:2      | Noticed Natasha
  2540 | D:2      | Killed Natasha
  2541 | D:2      | Gained mutation: A powerful demonic guardian rushes to your
                  | aid. [demonic ancestry]
  2541 | D:2      | Reached XP level 6. HP: 37/43 MP: 6/10
  2801 | D:2      | Noticed Natasha
  2807 | D:2      | Killed Natasha
  3213 | D:2      | Killed Terence
  3237 | D:3      | Reached skill level 4 in Transmutations
  3405 | D:3      | You pick up a book of Frost and begin reading...
  3405 | D:3      | You add the spells Frozen Ramparts and Hailstorm to your
                  | library.
  3651 | D:3      | HP: 6/43 [constriction (9)]
  3652 | D:3      | HP: 1/43 [Grinder (4)]
  3652 | D:3      | Constricted to death by Grinder

Vanquished Creatures
  Sigmund (D:2)
  Natasha (thrice) (D:2)
  Terence (D:2)
  An adder (D:2)
  A worm (D:2)
  2 dart slugs
  4 orcs
  7 ball pythons
  7 bats
  7 endoplasms
  2 giant cockroaches
  4 hobgoblins
  2 kobolds (D:3)
  2 quokkas (D:3)
  5 frilled lizards
  2 goblins
  4 rats
55 creatures vanquished.

Vanquished Creatures (collateral kills)
  A kobold (D:3)
1 creature vanquished.

Vanquished Creatures (others)
  8 plants (D:3)
8 creatures vanquished.

Grand Total: 64 creatures vanquished

Table legend:
 A = Non-vault XP
 B = Vault XP
 C = Vault XP percentage of total XP
 D = Non-vault monster count
 E = Vault monster count
 F = Vault count percentage of total count
                 A         B        C        D         E       F
            +---------+---------+-------+---------+---------+-------
      Total |     177 |     318 |  64.2 |      51 |       5 |   8.9
            +---------+---------+-------+---------+---------+-------
        D:1 |      27 |       0 |   0.0 |      15 |       0 |   0.0
        D:2 |     122 |     318 |  72.3 |      20 |       5 |  20.0
        D:3 |      28 |       0 |   0.0 |      16 |       0 |   0.0
            +---------+---------+-------+---------+---------+-------

Illustrated notes

Table legend:
 A = Kills in this place as a percentage of kills in entire the game.
 B = Kills by you in this place as a percentage of kills by you in the entire game.
 C = Kills by friends in this place as a percentage of kills by friends in the entire game.
 D = Other kills in this place as a percentage of other kills in the entire game.
 E = Experience gained in this place as a percentage of experience gained in the entire game.
 F = Experience gained in this place divided by the number of levels of this place that you have seen.
                   A       B       C       D       E      F
               +-------+-------+-------+-------+-------+----------------------
         Total | 100.0 | 100.0 | 100.0 |   N/A | 100.0 | 165.0
       Dungeon | 100.0 | 100.0 | 100.0 |   N/A | 100.0 | 165.0
               +-------+-------+-------+-------+-------+----------------------

Table legend: (Time is in decaauts)
 A = Elapsed time spent in this place.
 B = Non-inter-level travel time spent in this place.
 C = Inter-level travel time spent in this place.
 D = Time resting spent in this place.
 E = Time spent auto-exploring this place.
 F = Levels seen in this place.
 G = Mean time per level.
                   A        B        C        D        E       F      G
               +--------+--------+--------+--------+--------+-----+--------+
         Total |   3779 |   3610 |    169 |    529 |   2460 |   3 | 1259.7 |
       Dungeon |   3779 |   3610 |    169 |    529 |   2460 |   3 | 1259.7 |
               +--------+--------+--------+--------+--------+-----+--------+

Top non-repeatable levels by time:
     D:2: 1771 daAuts
     D:1: 1491 daAuts
     D:3: 515 daAuts
